 Dungeon Crawl Stone Soup version 0.30-a0-1035-g38d5fb2972 (webtiles) character file.

Game seed: 9830971390679207215

17664 Pimp the Dealer of Despair (level 12, 0/94 HPs)
             Began as a Demonspawn Fighter on Apr 7, 2023.
             Was an Elder of Kikubaaqudgha.
             Slain by an orc warrior
             ... wielding a +0 flail
              (6 damage)
             ... while paralysed by an orc sorcerer
             ... on level 10 of the Dungeon on Apr 8, 2023.
             The game lasted 00:37:02 (12008 turns).

Pimp the Dealer of Despair (Demonspawn Fighter)    Turns: 12008, Time: 00:37:02

Health: 0/94       AC: 14    Str: 18    XL:     12   Next: 20%
Magic:  14/19      EV:  2    Int: 10    God:    Kikubaaqudgha [****..]
Gold:   610        SH:  0    Dex: 20    Spells: 11/21 levels left

rFire   . . .      SeeInvis .    a - +0 war axe
rCold   . . .      Faith    .    g - +1 buckler {AC+3}
rNeg    + . .      Spirit   .    h - +1 swamp dragon scales
rPois   +          Reflect  .    (helmet restricted)
rElec   +          Rampage  .    (no cloak)
rCorr   .                        (no gloves)
Will    .....                    C - +0 pair of boots
Stlth   +                        i - amulet of regeneration
HPRegen 1.15/turn                q - ring of positive energy
MPRegen 0.16/turn                J - ring "Nuth" {Wiz rElec Dex+2}

@: paralysed, animating dead
A: antennae 1, large bone plates 2, icemail 1, condensation shield, demonic
magic 1, agile 1, sense surroundings 1
a: Renounce Religion, Unearth Wretches


You were on level 10 of the Dungeon.
You worshipped Kikubaaqudgha.
Kikubaaqudgha was greatly pleased with you.
You visited 3 branches of the dungeon, and saw 17 of its levels.

You collected 826 gold pieces.
You spent 216 gold pieces at shops.

Inventory:

Hand Weapons
 a - a +0 war axe (weapon)
 d - the +3 scimitar "Sisuu" {flame, rF+ rCorr}
   (You found it on level 10 of the Dungeon)

   rF:        It protects you from fire.
   rCorr:     It protects you from acid and corrosion.
Missiles
 k - 2 throwing nets
Armour
 b - a +0 scale mail
 c - a +0 buckler
 f - a +0 chain mail
 g - a +1 buckler of protection (worn)
 h - +1 swamp dragon scales (worn)
 z - +0 acid dragon scales
 A - the +0 robe of the Komodo Dragon {+Blink}
   (You took it off a wight on level 6 of the Dungeon)

   +Blink:    It lets you blink.
 B - a +0 helmet
 C - a +0 pair of boots (worn)
Jewellery
 i - an amulet of regeneration (around neck)
 q - a ring of positive energy (left hand)
 J - the ring "Nuth" (right hand) {Wiz rElec Dex+2}
   (You acquired it on level 9 of the Dungeon)

   [ring of wizardry]

   It improves your spell success rate.
   Dex:       It affects your dexterity (+2).
   rElec:     It insulates you from electricity.
 N - a ring of resist corrosion
Wands
 l - a wand of mindburst (6)
 m - a wand of acid (1)
 n - a wand of roots (4) (quivered)
 G - a wand of flame (4)
 H - a wand of digging (7)
 I - a wand of polymorph (5)
 M - a wand of charming (4)
Scrolls
 e - a scroll of torment
 j - 2 scrolls of poison
 o - 2 scrolls of amnesia
 p - a scroll of blinking
 u - 11 scrolls of teleportation
 w - 3 scrolls of enchant weapon
 x - a scroll of butterflies
 y - 4 scrolls of noise
 D - 4 scrolls of identify
 E - 5 scrolls of immolation
Potions
 r - 2 potions of attraction
 s - a potion of haste
 v - a potion of ambrosia
 F - a potion of flight
 L - a potion of berserk rage


   Skills:
 + Level 8.8 Fighting
 * Level 7.8 Axes
 + Level 8.1 Armour
 + Level 5.1 Dodging
 + Level 8.1 Shields
 + Level 5.3 Spellcasting
 + Level 9.3 Necromancy


You had 11 spell levels left.
You knew the following spells:

 Your Spells              Type           Power      Damage    Failure   Level
a - Necrotise             Necr           84%        1d8       1%          1
b - Animate Dead          Necr           21%        N/A       4%          4
c - Agony                 Necr           21%        N/A       11%         5

Your spell library contained the following spells:

 Spells                   Type           Power      Damage    Failure   Level
 Vampiric Draining        Necr           21%        2d7       1%          3
 Cigotuvi's Dreadful Rot  Necr/Pois/Air  16%        N/A       8%          2
 Beastly Appendage        Tmut           4%         N/A       19%         1
 Blink                    Tloc           4%         N/A       26%         2
 Lesser Beckoning         Tloc           4%         N/A       26%         2
 Momentum Strike          Conj/Tloc      4%         3d8       26%         2
 Poisonous Vapours        Pois/Air       4%         N/A       26%         2
 Wereblood                Tmut           2%         N/A       26%         2
 Anguish                  Hex/Necr       6%         N/A       26%         4
 Gell's Gravitas          Tloc           2%         N/A       45%         3
 Mephitic Cloud           Conj/Pois/Air  2%         N/A       45%         3
 Ozocubu's Armour         Ice            2%         N/A       45%         3
 Spider Form              Tmut/Pois      2%         N/A       45%         3
 Teleport Other           Tloc           2%         N/A       45%         3
 Volatile Blastmotes      Fire/Tloc      4%         2d10      45%         3
 Death Channel            Necr           10%        N/A       50%         6
 Fulminant Prism          Conj/Hex       1%         3d5       86%         4
 Iskenderun's Mystic Bla  Conj/Tloc      2%         2d3       86%         4
 Simulacrum               Ice/Necr       6%         N/A       98%         6
 Freezing Cloud           Conj/Ice/Air   1%         6-21      99%         5
 Lee's Rapid Deconstruct  Erth           1%         3d4*      99%         5
 Metabolic Englaciation   Hex/Ice        1%         N/A       99%         5


Dungeon Overview and Level Annotations

Branches:
Dungeon (15/15)            Temple (1/1) D:5            Lair (0/5) D:10
    Orc (1/2) D:10         Depths (0/4) D:15
 Vaults: D:13-14

Altars:
Ashenzari
Cheibriados
Dithmenos
Fedhas
Gozag
Hepliaklqana
Kikubaaqudgha
Makhleb
Nemelex Xobeh
Okawaru
Qazlal
Ru
Sif Muna
Trog
Uskayaw
Vehumet
Wu Jian
Xom
Yredelemnul

Shops:
D:7 *   D:12 ?


Innate Abilities, Weirdness & Mutations

You have a pair of small antennae on your head.
You are mostly covered in large bone plates. (SH +6)
A meltable icy envelope protects you from harm. (AC +0)
A meltable shield of frost defends you. (SH +0)
Spells you cast may paralyse adjacent enemies.
You are agile. (Dex +4, Str/Int -1)
You passively map a small area around you.


Message History

You slash the orc sorcerer!
The orc sorcerer is almost dead.
The helpless orc warrior fails to defend itself.
You hit the orc warrior. You closely miss the orc warrior.
The helpless orc priest fails to defend itself.
You hit the orc priest.
The orc sorcerer is no longer paralysed.
The orc warrior is no longer paralysed.
You block the orc sorcerer's attack.
The orc warrior hits you but does no damage.
The orc warrior closely misses your orc priest zombie.
The orc warrior hits you with a +0 flail!
* * * LOW HITPOINT WARNING * * *
You feel better.
The orc sorcerer gestures at you while chanting.
You resist with some effort. The orc warrior barely misses you.
The orc warrior hits you but does no damage.
The orc warrior hits your orc priest zombie with a +0 hand axe!
Your orc priest zombie closely misses the orc warrior.
Unknown command.
You hit the orc sorcerer but do no damage.
The orc sorcerer is almost dead.
You hit the orc warrior but do no damage.
You barely miss the orc warrior.
The helpless orc priest fails to defend itself.
You slash the orc priest!
You kill the orc priest!
Kikubaaqudgha accepts your kill.
The orc sorcerer says, "Dogrw nutew berg."
The orc sorcerer gestures at you while chanting.
You suddenly lose the ability to move!
The orc warrior hits you with a +0 flail.
* * * LOW HITPOINT WARNING * * *
The orc warrior hits you with a +0 hand axe.
* * * LOW HITPOINT WARNING * * *
The orc warrior hits your orc priest zombie with a +0 hand axe.
Your orc priest zombie hits the orc warrior but does no damage.
The orc sorcerer hits you but does no damage.
The orc warrior hits you with a +0 flail.
You die...
Kikubaaqudgha rasps: "You have failed me!
Welcome... death!"

...#....................#
.###..........#.........#
.# #<.........##.(......#
.# #..........##........#
.# #..........##........#
## #.......#.#######....#
######.##.#8...8######
#.##.#[..oZ# #.##[)(o@o.#
#.##.#)).).# #..#.#8)..8#
##.#.####### #...# #####


You could see an orc sorcerer, 2 orc warriors and a friendly orc priest zombie.

Vanquished Creatures
  2 two-headed ogres (D:12)
  A tengu warrior (D:14)
  An orange crystal statue (D:10)
  A manticore (D:12)
  A cyclops (D:12)
  Maggie (D:6)
  An unseen horror (D:10)
  3 trolls
  A hornet (D:10)
  2 slime creatures (D:12)
  A wyvern (D:10)
  24 yaks
  A steam dragon (D:8)
  4 vampire mosquitoes
  An acid dragon (D:11)
  3 water moccasins
  7 orc warriors
  A sky beast (D:8)
  2 black bears (D:10)
  An ice beast (D:8)
  4 ogres
  7 centaurs
  3 phantoms
  8 bullfrogs
  5 kobold brigands (D:10)
  5 gnoll sergeants
  4 scorpions
  10 wights
  18 killer bees
  An electric eel (D:7)
  A howler monkey (D:8)
  5 orc priests
  3 hounds
  2 gnoll boudas
  2 jellies (D:6)
  A sleepcap (D:6)
  9 orc wizards
  5 iguanas
  24 gnolls
  8 adders
  2 white imps
  An ufetubus (D:6)
  3 worms
  2 dart slugs
  33 orcs
  6 ball pythons
  10 endoplasms
  2 giant cockroaches
  7 hobgoblins
  10 kobolds
  4 quokkas
  4 bats
  2 frilled lizards (D:1)
  A goblin (D:4)
  6 rats
277 creatures vanquished.

Vanquished Creatures (collateral kills)
  A centaur warrior (D:10)
  A cyclops (D:12)
  A kobold demonologist (D:12)
  A troll (D:11)
  A slime creature (D:12)
  2 yaks (D:12)
  A vampire (D:12)
  An acid dragon (D:12)
  A vampire mosquito (D:12)
  2 water moccasins (D:9)
  An orc warrior (D:12)
  A centaur (D:12)
  2 kobold brigands (D:10)
  A killer bee (D:10)
  A howler monkey (D:11)
  A gnoll (D:9)
  5 orcs
24 creatures vanquished.

Vanquished Creatures (others)
  A vampire mosquito zombie (D:11)
  A boggart (D:14)
  6 yak zombies
  3 centaur zombies (D:12)
  3 orc wizards
  A boggart zombie (D:14)
  3 killer bee zombies (D:10)
  7 orc zombies
  3 kobold zombies (D:10)
  2 fungi
  A plant (D:10)
31 creatures vanquished.

Grand Total: 332 creatures vanquished

Notes
Turn   | Place    | Note
-------+----------+-------------------------------------------
     0 | D:1      | Pimp the Demonspawn Fighter began the quest for the Orb.
     0 | D:1      | Reached XP level 1. HP: 18/18 MP: 1/1
   161 | D:1      | Gained mutation: Spells you cast may paralyse adjacent
                  | enemies. [demonic ancestry]
   161 | D:1      | Reached XP level 2. HP: 24/24 MP: 2/2
   697 | D:2      | Reached XP level 3. HP: 27/29 MP: 3/3
  1079 | D:2      | Gained mutation: A meltable shield of frost defends you.
                  | (SH +0) [demonic ancestry]
  1079 | D:2      | Reached XP level 4. HP: 33/35 MP: 4/4
  1292 | D:2      | Gained mutation: You are agile. (Dex +4, Str/Int -1)
                  | [potion of mutation]
  1292 | D:2      | Gained mutation: You passively map a small area around you.
                  | [potion of mutation]
  2221 | D:4      | Gained mutation: A meltable icy envelope protects you from
                  | harm. (AC +0) [demonic ancestry]
  2221 | D:4      | Reached XP level 5. HP: 21/42 MP: 5/5
  2283 | D:4      | Noticed a phantom
  2295 | D:4      | Killed a phantom
  2317 | D:4      | Gained mutation: You are partially covered in large bone
                  | plates. (SH +4) [demonic ancestry]
  2317 | D:4      | Reached XP level 6. HP: 48/48 MP: 6/6
  2434 | D:4      | Noticed a water moccasin
  2445 | D:4      | Killed a water moccasin
  2524 | D:4      | Reached XP level 7. HP: 47/55 MP: 7/7
  3106 | D:5      | Entered Level 5 of the Dungeon
  3127 | D:5      | Found a staircase to the Ecumenical Temple.
  3149 | Temple   | Entered the Ecumenical Temple
  3453 | Temple   | Became a worshipper of Kikubaaqudgha
  3620 | D:5      | Reached skill level 5 in Fighting
  4227 | D:6      | Noticed Maggie
  4240 | D:6      | Reached skill level 5 in Armour
  4240 | D:6      | Reached skill level 5 in Shields
  4240 | D:6      | Reached XP level 8. HP: 32/63 MP: 8/8
  4240 | D:6      | Killed Maggie
  4244 | D:6      | Upgraded the game from 0.30-a0-1018-g25214051b3 to
                  | 0.30-a0-1035-g38d5fb2972
  4355 | D:6      | Reached skill level 5 in Axes
  4384 | D:6      | Identified the +0 robe of the Komodo Dragon {+Blink}
  4602 | D:6      | Reached * piety under Kikubaaqudgha
  4602 | D:6      | Received a gift from Kikubaaqudgha
  4768 | D:6      | Reached skill level 1 in Necromancy
  4768 | D:6      | Reached XP level 9. HP: 48/71 MP: 9/9
  5242 | D:7      | Reached skill level 1 in Spellcasting
  5252 | D:7      | Reached skill level 2 in Necromancy
  5642 | D:7      | Found Ucommic's General Store.
  5698 | D:7      | Reached skill level 1 in Dodging
  5698 | D:7      | Reached skill level 3 in Necromancy
  6654 | D:8      | Learned a level 1 spell: Necrotise
  6782 | D:8      | Reached skill level 4 in Necromancy
  6940 | D:8      | Reached ** piety under Kikubaaqudgha
  7295 | D:8      | Reached XP level 10. HP: 63/79 MP: 13/13
  7647 | D:9      | Learned a level 4 spell: Animate Dead
  7702 | D:9      | Reached skill level 5 in Necromancy
  7933 | D:9      | Found a basalt altar of Yredelemnul.
  8350 | D:9      | Identified a scroll of acquirement
  8350 | D:9      | Acquired the ring "Nuth" {Wiz rElec Dex+2}
  8363 | D:10     | Entered Level 10 of the Dungeon
  8473 | D:10     | Noticed an orange crystal statue
  8485 | D:10     | Found a bloodstained altar of Trog.
  8488 | D:10     | Found an iron altar of Okawaru.
  8489 | D:10     | Found a snail-covered altar of Cheibriados.
  8489 | D:10     | Found a shimmering blue altar of Sif Muna.
  8745 | D:10     | Reached skill level 6 in Necromancy
  8844 | D:10     | Reached *** piety under Kikubaaqudgha
  8844 | D:10     | Received a gift from Kikubaaqudgha
  8956 | D:10     | Found a staircase to the Lair.
  9006 | D:10     | Gained mutation: You have a pair of small antennae on your
                  | head. [demonic ancestry]
  9006 | D:10     | Reached XP level 11. HP: 86/86 MP: 13/16
  9052 | D:10     | Found a staircase to the Orcish Mines.
  9095 | D:10     | Reached skill level 7 in Necromancy
  9154 | D:10     | Reached **** piety under Kikubaaqudgha
  9209 | D:10     | Noticed a centaur warrior
  9241 | D:10     | Killed a centaur warrior
  9333 | D:10     | Killed an orange crystal statue
  9336 | D:10     | Identified the +3 scimitar "Sisuu" {flame, rF+ rCorr}
  9344 | D:10     | Identified the +0 flail "Fyt Poal" {freeze, rF+}
  9942 | D:11     | Reached skill level 8 in Necromancy
 10832 | D:12     | Reached skill level 5 in Spellcasting
 10931 | D:12     | Reached skill level 9 in Necromancy
 10931 | D:12     | Gained mutation: You are mostly covered in large bone
                  | plates. (SH +6) [demonic ancestry]
 10931 | D:12     | Reached XP level 12. HP: 49/94 MP: 19/19
 11083 | D:12     | You fall into a shaft and drop 3 floors!
 11083 | D:15     | Entered Level 15 of the Dungeon
 11104 | D:14     | Noticed a centaur warrior
 11107 | D:14     | Noticed a two-headed ogre
 11110 | D:14     | Noticed a centaur warrior
 11135 | D:14     | Noticed a tengu warrior
 11183 | D:14     | Killed a tengu warrior
 11184 | D:14     | Reached skill level 5 in Dodging
 11410 | D:12     | Found Gagon's Magic Scroll Boutique.
 11422 | D:12     | Bought a scroll of blinking for 120 gold pieces
 11422 | D:12     | Bought a scroll of teleportation for 48 gold pieces
 11422 | D:12     | Bought a scroll of teleportation for 48 gold pieces
 11488 | D:12     | Noticed a two-headed ogre
 11504 | D:12     | Killed a two-headed ogre
 11546 | D:12     | Learned a level 5 spell: Agony
 11881 | Orc:1    | Entered Level 1 of the Orcish Mines
 12005 | D:10     | HP: 1/94 [orc warrior/+0 flail (11)]
 12007 | D:10     | Paralysed by an orc sorcerer for 4 turns
 12008 | D:10     | Slain by an orc warrior

Illustrated notes

Levels and vault maps discovered:
D:1:      giann_wishing_wells, layout_loops_ring
D:2:      layout_loops_ring, minmay_misc_feat_diagonals
D:3:      layout_basic
D:4:      layout_cave_pods
D:5:      layout_loops_cross, minmay_temple_entry_glass
D:6:      layout_loops_cross, uniq_maggie
D:7:      layout_basic, serial_shops, nicolae_shop_trees,
          kennysheep_cluttered_room, grunt_ministairs_11
D:8:      layout_basic, minmay_misc_feat_tiny, nicolae_figureground_sparkle
D:9:      layout_small_grid, mainiacjoe_overflow_tiny_flanked
D:10:     layout_roguey, mainiacjoe_overflow_alcove_3, david_lair_generic,
          kennysheep_orc_monster_closet_entryway, minivault_15
D:11:     layout_basic
D:12:     layout_roguey, serial_shops, shop
D:13:     layout_roguey, nicolae_trove_entry_path_of_doom
D:14:     layout_irregular_city, grunt_vaults_entry_tiered,
          palyth_stone_intersect
D:15:     hangedman_depths_entry_try_elsewhere_first, layout_basic,
          chequers_mini_garden, uniq_jorgrun
Temple:   minmay_temple_bridge_d
Orc:1:    layout_caves, serial_shops, nicolae_shop_waterfront, mines2_david

Skill      XL: |  1  2  3  4  5  6  7  8  9 10 11 12 |
---------------+-------------------------------------+-----
Axes           | 2 3 4 5 6 7 |  7.8
Armour         | 3 4 5 6 7 8 |  8.1
Shields        | 3 4 5 6 7 8 |  8.1
Fighting       | 4 5 6 7 8 |  8.8
Necromancy     | 1 4 6 9 |  9.3
Spellcasting   | 2 3 5 |  5.3
Dodging        | 2 3 4 5 |  5.1

Action                     |  1- 3 |  4- 6 |  7- 9 | 10-12 || total
---------------------------+-------+-------+-------+-------++-------
  Melee: War axe           |   137 |   134 |   447 |   711 ||  1429
   Cast: Necrotise         |       |       |     2 |     2 ||     4
         Animate Dead      |       |       |       |    15 ||    15
 Invoke: Unearth Wretches  |       |       |       |     1 ||     1
  Evoke: Wand              |       |       |       |     3 ||     3
    Use: Scroll            |       |     9 |     6 |    14 ||    29
         Potion            |       |     1 |     4 |    15 ||    20
   Stab: Paralysed         |       |       |       |    33 ||    33
         Distracted        |       |       |       |     5 ||     5
 Armour: Scale mail        |    27 |       |       |       ||    27
         Chain mail        |    83 |    62 |    37 |       ||   182
         Swamp dragon scal |       |       |   138 |   333 ||   471
  Dodge: Dodged            |    68 |    33 |   162 |   403 ||   666
  Block: Buckler           |    42 |    88 |   399 |   696 ||  1225

Table legend: (Time is in decaauts)
 A = Elapsed time spent in this place.
 B = Non-inter-level travel time spent in this place.
 C = Inter-level travel time spent in this place.
 D = Time resting spent in this place.
 E = Time spent auto-exploring this place.
 F = Levels seen in this place.
 G = Mean time per level.
                   A        B        C        D        E       F      G
               +--------+--------+--------+--------+--------+-----+--------+
         Total |  12345 |  11717 |    628 |    872 |   7640 |  17 |  726.2 |
       Dungeon |  11953 |  11478 |    475 |    872 |   7428 |  15 |  796.9 |
        Temple |    378 |    225 |    153 |      0 |    212 |   1 |  378.0 |
  Orcish Mines |     13 |     13 |      0 |      0 |      0 |   1 |   13.0 |
               +--------+--------+--------+--------+--------+-----+--------+

Top non-repeatable levels by time:
     D:7: 1528 daAuts
    D:10: 1377 daAuts
    D:11: 1113 daAuts
     D:6: 1058 daAuts
     D:4: 974 daAuts
    D:12: 960 daAuts
     D:8: 955 daAuts
     D:3: 888 daAuts
     D:9: 803 daAuts
     D:1: 700 daAuts
     D:5: 664 daAuts
     D:2: 654 daAuts
  Temple: 378 daAuts
    D:14: 130 daAuts
    D:13: 128 daAuts
